 Dungeon Crawl Stone Soup version 0.27.1-2-g3b301248ec (webtiles) character file.

Game seed: 13580679793018897612

94536 MisterFreud the Blocker (level 16, -2/127 HPs)
             Began as a Gnoll Fighter on Sept 29, 2021.
             Was a High Priest of Cheibriados.
             Slain by Agaobuna's ghost (29 damage)
             ... on level 3 of the Lair of Beasts on Sept 30, 2021.
             The game lasted 00:46:10 (27208 turns).

MisterFreud the Blocker (Gnoll Fighter)            Turns: 27208, Time: 00:46:10

Health: -2/127     AC: 16    Str: 29    XL:     16   Next: 11%
Magic:  23/30      EV: 22    Int: 24    God:    Cheibriados [*****.]
Gold:   2092       SH: 22    Dex: 31    Spells: 31/36 levels left

rFire    + + .     SeeInvis +   E - +6 long sword "Iwnerom" {flame, rF++ Str-3}
rCold    + . .     Faith    .   W - +2 kite shield {AC+3}
rNeg     + . .     Spirit   .   y - +2 ring mail {rC+}
rPois    .         Reflect  +   q - +0 helmet
rElec    .         Harm     .   (no cloak)
rCorr    .         Rampage  .   Z - +1 pair of gloves of the Great Game {rN+ Str+3 Int-3 SInv}
Will     +....                  (no boots)
Stlth    +++++.....             u - amulet of reflection
HPRegen  0.31/turn              n - ring of wizardry
MPRegen  0.22/turn              H - +6 ring of dexterity

@: very slow
A: fangs 1, strong nose, distributed training
a: Renounce Religion, Bend Time, Temporal Distortion, Slouch, Step From Time


You were on level 3 of the Lair of Beasts.
You worshipped Cheibriados.
Cheibriados was extremely pleased with you.
You visited 3 branches of the dungeon, and saw 22 of its levels.

You collected 2211 gold pieces.
You spent 119 gold pieces at shops.

Inventory:

Hand Weapons
 r - a +2 double sword
 C - a +4 broad axe
 E - the +6 long sword "Iwnerom" (weapon) {flame, rF++ Str-3}
   (You found it on level 6 of the Dungeon)

   It burns those it strikes, dealing additional fire damage.
   Big, fiery blades are also staple armaments of hydra-hunters.
   Str:       It affects your strength (-3).
   rF:        It greatly protects you from fire.
Missiles
 e - 20 boomerangs
 l - 52 poisoned darts (quivered)
 m - 15 javelins
 A - 5 atropa-tipped darts
 X - 6 silver boomerangs
Armour
 q - a +0 helmet (worn)
 y - a +2 ring mail of cold resistance (worn)
 T - the +1 robe of Bepon {+Blink +Inv rN+ Regen+}
   (You found it on level 10 of the Dungeon)

   rN:        It protects you from negative energy.
   +Inv:      It lets you turn invisible.
   +Blink:    It lets you blink.
   Regen:     It increases your rate of health regeneration.
 W - a +2 kite shield of protection (worn)
 Z - the +1 pair of gloves of the Great Game (worn) {rN+ Str+3 Int-3 SInv}
   (You found it on level 1 of the Lair of Beasts)

   Str:       It affects your strength (+3).
   Int:       It affects your intelligence (-3).
   rN:        It protects you from negative energy.
   SInv:      It lets you see invisible.
Jewellery
 c - a ring of magical power
 n - a ring of wizardry (left hand)
 u - an amulet of reflection (around neck)
 z - a ring of resist corrosion
 H - a +6 ring of dexterity (right hand)
 J - the ring "Ehiraes" {rElec rN++ Will+ rCorr Int-2}
   (You found it on level 10 of the Dungeon)

   [ring of willpower]

   Int:       It affects your intelligence (-2).
   rElec:     It insulates you from electricity.
   rN:        It greatly protects you from negative energy.
   rCorr:     It protects you from acid and corrosion.
   Will:      It increases your willpower.
 Q - the ring of the Robin {Will+ MP+9 Int-5 Dex+6 Stlth+}
   (You found it on level 10 of the Dungeon)

   [ring of willpower]

   Int:       It affects your intelligence (-5).
   Dex:       It affects your dexterity (+6).
   MP:        It affects your magic capacity (+9).
   Will:      It increases your willpower.
   Stlth:     It makes you more stealthy.
 S - the ring of Xom's Amusement {Ice rN+ Dex+4}
   (You found it on level 10 of the Dungeon)

   [ring of ice]

   It enhances your ice magic.
   Dex:       It affects your dexterity (+4).
   rF:        It makes you vulnerable to fire.
   rC:        It protects you from cold.
   rN:        It protects you from negative energy.
 U - an amulet of regeneration
Wands
 i - a wand of acid (8)
 o - a wand of paralysis (20)
 I - a wand of digging (11)
 M - a wand of iceblast (27)
 N - a wand of flame (16)
 O - a wand of polymorph (22)
Scrolls
 a - a scroll of enchant armour
 d - 5 scrolls of immolation
 f - 3 scrolls of enchant weapon
 g - 5 scrolls of fear
 h - a scroll of summoning
 j - 7 scrolls of teleportation
 p - 2 scrolls of vulnerability
 s - 2 scrolls of holy word
 t - 3 scrolls of fog
 v - a scroll of torment
 B - 4 scrolls of identify
 G - 3 scrolls of magic mapping
 K - 2 scrolls of amnesia
 R - 2 scrolls of blinking
Potions
 b - 11 potions of curing
 k - 4 potions of brilliance
 w - 2 potions of invisibility
 x - 3 potions of attraction
 D - a potion of flight
 F - a potion of magic
 L - 4 potions of mutation
 P - 2 potions of ambrosia
 V - 2 potions of might
 Y - a potion of heal wounds


   Skills:
 + Level 12.2 Fighting
 + Level 11.4 Short Blades
 + Level 10.5 Long Blades
 + Level 10.5 Axes
 + Level 10.5 Maces & Flails
 + Level 10.5 Polearms
 + Level 10.5 Staves
 + Level 10.5 Slings
 + Level 10.5 Bows
 + Level 10.5 Crossbows
 + Level 10.5 Throwing
 + Level 12.2 Armour
 + Level 10.5 Dodging
 + Level 10.5 Stealth
 + Level 12.2 Shields
 + Level 10.5 Unarmed Combat
 + Level 10.5 Spellcasting
 + Level 8.9 Conjurations
 + Level 8.9 Hexes
 + Level 8.9 Summonings
 + Level 8.9 Necromancy
 + Level 8.9 Translocations
 + Level 8.9 Transmutations
 + Level 8.9 Fire Magic
 + Level 8.9 Ice Magic
 + Level 8.9 Air Magic
 + Level 8.9 Earth Magic
 + Level 8.9 Poison Magic
 + Level 11.4 Invocations
 + Level 10.5 Evocations


You had 31 spell levels left.
You knew the following spells:

 Your Spells              Type           Power      Damage    Failure   Level
a - Blink                 Tloc           N/A        N/A       1%          2
b - Lesser Beckoning      Tloc           27%        N/A       1%          3

Your spell library contained the following spells:

 Spells                   Type           Power      Damage    Failure   Level
 Animate Skeleton         Necr           100%       N/A       1%          1
 Apportation              Tloc           100%       N/A       1%          1
 Corona                   Hex            60%        N/A       1%          1
 Pain                     Necr           100%       1d9       1%          1
 Shock                    Conj/Air       100%       1d9       1%          1
 Summon Small Mammal      Summ           100%       N/A       1%          1
 Static Discharge         Conj/Air       54%        N/A       1%          2
 Portal Projectile        Hex/Tloc       100%       N/A       1%          3
 Swiftness                Air            54%        N/A       1%          3
 Vampiric Draining        Necr           27%        2d9       1%          3
 Airstrike                Air            27%        N/A       1%          4
 Dispel Undead            Necr           54%        3d20      1%          4
 Sticky Flame             Conj/Fire      54%        2d7       1%          4
 Blade Hands              Tmut           27%        N/A       2%          5
 Excruciating Wounds      Necr           27%        N/A       2%          5
 Manifold Assault         Tloc           54%        N/A       2%          5


Dungeon Overview and Level Annotations

Branches:
Dungeon (15/15)            Temple (0/1) D:7            Lair (6/6) D:11
 Shoals (0/4) Lair:3        Snake (0/4) Lair:2        Slime (0/5) Lair:6
    Orc (1/2) D:11         Vaults (0/5) D:14         Depths (0/5) D:15

Altars:
Cheibriados
The Shining One
Beogh
Jiyva

Shops:
D:2 :   D:9 *   D:13 *

Portals:
Trove: D:15 (give +7 demon whip)

Annotations:
D:7 2 runed translucent doors, Borgoz's ghost, novice DsGl
D:12 3 runed translucent doors, Borgoz's ghost, journeyman GrBe
Lair:2 exclusion: 3 oklob plants
Lair:3 1 transporter, Agaobuna's ghost, journeyman TrBe
Lair:5 3 runed translucent doors, Jeban's ghost, journeyman OpFi


Innate Abilities, Weirdness & Mutations

You have very sharp teeth.
Your uncanny sense of smell can sniff out nearby items.
Your experience applies equally to all skills.


Message History

The mass of ice explodes!
The iceblast engulfs the five-headed hydra!!
The five-headed hydra is almost dead.
The iceblast engulfs Agaobuna's ghost!!
Agaobuna's ghost is frozen!
Agaobuna's ghost is severely damaged.
Unknown command.
Unknown command.
Aiming: Iceblast
Press: ? - help, Shift-Dir - straight line, f/p - five-headed hydra
Aim: a five-headed hydra (almost dead, berserk)
The mass of ice explodes!
The iceblast engulfs the five-headed hydra.
The five-headed hydra is almost dead.
Unknown command.
Unknown command.
Unknown command.
Aiming: Corrosive Bolt
Press: ? - help, Shift-Dir - straight line, f/p - five-headed hydra
Aim: a five-headed hydra (almost dead, berserk, 92% to hit)
The bolt of acid hits the five-headed hydra!!
The five-headed hydra is splashed with acid.
The acid corrodes the five-headed hydra!
You kill the five-headed hydra!
Cheibriados thoroughly appreciates the change of pace.
Unknown command.
You slash Agaobuna's ghost! You burn Agaobuna's ghost.
Your bite misses Agaobuna's ghost.
Agaobuna's ghost is severely damaged.
Agaobuna's ghost completely misses you.
You barely miss Agaobuna's ghost. Your bite misses Agaobuna's ghost.
Agaobuna's ghost is severely damaged.
You block Agaobuna's ghost's attack.
You closely miss Agaobuna's ghost. Your bite misses Agaobuna's ghost.
Agaobuna's ghost is severely damaged.
Agaobuna's ghost wails, "I was like you once."
You block Agaobuna's ghost's attack.
You hit Agaobuna's ghost. You burn Agaobuna's ghost.
Agaobuna's ghost is severely damaged.
Agaobuna's ghost hits you!!
You die...

##..... #..... ###
#######.## #.##
###.#.#..##.
##.####...........
####.................
##......####©###......
##.#.#####..###.##.....
#.#..#@W.!# .....##....
###.##...#...#....#....
#P.#.....†#†.##.Y#....
#..#..##..©/†#..©#....
##.#.....#.....#.##..P
#.##.##..[###....#.##
#..#....$:!$.#..##...
#..##..##### .###..##
##..####.©.####....[.


You could see Agaobuna's ghost.

Vanquished Creatures
  Gastronok (Lair:3)
  A fire giant (D:15)
  Fannar (D:12)
  4 vault guards (D:14)
  An ogre mage (D:15)
  11 hydras
  4 centaur warriors
  5 boulder beetles
  A death knight (D:12)
  10 two-headed ogres
  2 catoblepae
  4 death yaks (Lair:6)
  Urug (Lair:6)
  2 tengu warriors
  10 spriggans (Lair:6)
  Nergalle (D:12)
  A deep elf knight (D:15)
  2 skeletal warriors
  A wizard (D:14)
  3 deep elf pyromancers
  5 manticores
  An orc knight (D:15)
  2 moths of wrath (Lair:3)
  A wolf spider (D:15)
  6 ugly things
  6 cyclopes
  Joseph (D:9)
  A merfolk siren (Lair:3)
  Maurice (D:12)
  6 black mambas
  6 elephants (Lair:3)
  20 cane toads
  A molten gargoyle (D:13)
  A torpor snail (Lair:5)
  2 freezing wraiths
  An efreet (D:14)
  2 gargoyles
  An unseen horror (D:11)
  12 komodo dragons
  2 rime drakes
  3 trolls
  A kobold demonologist (D:9)
  5 tengu conjurers
  A troll (shapeshifter) (D:15)
  4 hornets (Lair:6)
  A queen bee (shapeshifter) (D:10)
  7 polar bears
  Grinder (D:4)
  A slime creature (D:15)
  10 blink frogs
  8 dream sheep
  A centaur simulacrum (D:15)
  5 wyverns
  46 yaks
  4 wraiths
  A vampire (D:11)
  3 fire bats (Lair:1)
  9 vampire mosquitoes
  7 basilisks
  Edmund (D:4)
  2 wargs (D:15)
  A naga (Lair:2)
  12 water moccasins
  16 orc warriors
  An ice beast (D:7)
  A necrophage (D:6)
  3 black bears
  A sky beast (D:6)
  A hornet zombie (D:9)
  2 centaurs
  10 ogres
  5 boggarts
  34 wolves
  3 kobold brigands
  A phantom (D:7)
  15 bullfrogs
  A gnoll sergeant (D:10)
  2 scorpions
  4 killer bees (D:8)
  4 wights (D:8)
  2 howler monkeys (D:10)
  9 electric eels
  A lava snake (D:13)
  4 centaur zombies
  8 hounds
  14 orc priests
  A gnoll shaman (D:9)
  A jelly (D:5)
  A centaur skeleton (D:5)
  4 iguanas
  12 orc wizards
  3 killer bee zombies
  A hound zombie (D:5)
  Robin (D:3)
  6 gnolls
  An adder (D:3)
  4 shadow imps
  A white imp (D:6)
  2 ufetubi (D:6)
  3 worms
  3 dart slugs
  68 orcs
  7 endoplasms
  A giant cockroach (D:1)
  18 goblins
  8 hobgoblins
  7 jackals (D:2)
  20 kobolds
  7 quokkas
  4 ball pythons
  6 bats
  4 frilled lizards
  2 rats (D:1)
616 creatures vanquished.

Vanquished Creatures (others)
  71 fungi
  50 plants
121 creatures vanquished.

Grand Total: 737 creatures vanquished

Notes
Turn   | Place    | Note
-------+----------+-------------------------------------------
     0 | D:1      | MisterFreud the Gnoll Fighter began the quest for the Orb.
     0 | D:1      | Reached XP level 1. HP: 23/23 MP: 1/1
    88 | D:1      | Reached XP level 2. HP: 29/29 MP: 2/2
   324 | D:1      | Reached XP level 3. HP: 35/35 MP: 3/3
   716 | D:2      | Reached skill level 1 in Invocations
   792 | D:2      | Found Baekaaka's Book Shoppe.
   920 | D:2      | Reached skill level 1 in Long Blades
   920 | D:2      | Reached skill level 1 in Axes
   920 | D:2      | Reached skill level 1 in Maces & Flails
   920 | D:2      | Reached skill level 1 in Polearms
   920 | D:2      | Reached skill level 1 in Staves
   920 | D:2      | Reached skill level 1 in Slings
   920 | D:2      | Reached skill level 1 in Bows
   920 | D:2      | Reached skill level 1 in Crossbows
   920 | D:2      | Reached skill level 1 in Throwing
   920 | D:2      | Reached skill level 1 in Dodging
   920 | D:2      | Reached skill level 1 in Stealth
   920 | D:2      | Reached skill level 1 in Unarmed Combat
   920 | D:2      | Reached skill level 1 in Spellcasting
   920 | D:2      | Reached skill level 1 in Evocations
  1218 | D:3      | Reached XP level 4. HP: 41/41 MP: 5/5
  1252 | D:3      | Noticed Robin
  1292 | D:3      | Killed Robin
  1446 | D:3      | Reached skill level 1 in Conjurations
  1446 | D:3      | Reached skill level 1 in Hexes
  1446 | D:3      | Reached skill level 1 in Summonings
  1446 | D:3      | Reached skill level 1 in Necromancy
  1446 | D:3      | Reached skill level 1 in Translocations
  1446 | D:3      | Reached skill level 1 in Transmutations
  1446 | D:3      | Reached skill level 1 in Fire Magic
  1446 | D:3      | Reached skill level 1 in Ice Magic
  1446 | D:3      | Reached skill level 1 in Air Magic
  1446 | D:3      | Reached skill level 1 in Earth Magic
  1446 | D:3      | Reached skill level 1 in Poison Magic
  1634 | D:3      | Reached XP level 5. HP: 45/47 MP: 6/6
  1668 | D:3      | Found a faded altar of an unknown god.
  1694 | D:3      | Became a worshipper of Cheibriados the Contemplative
  1694 | D:3      | Reached * piety under Cheibriados
  2372 | D:4      | Noticed an ogre
  2386 | D:4      | Killed an ogre
  2638 | D:4      | Reached XP level 6. HP: 42/53 MP: 8/8
  3175 | D:4      | Noticed Edmund
  3197 | D:4      | Killed Edmund
  3198 | D:4      | Reached skill level 5 in Short Blades
  3382 | D:4      | Noticed Grinder
  3396 | D:4      | Killed Grinder
  3397 | D:4      | Reached XP level 7. HP: 47/60 MP: 10/10
  3493 | D:4      | Learned a level 2 spell: Blink
  3584 | D:5      | Entered Level 5 of the Dungeon
  3711 | D:5      | Reached ** piety under Cheibriados
  4160 | D:5      | Reached XP level 8. HP: 59/67 MP: 12/12
  5808 | D:6      | Reached *** piety under Cheibriados
  6039 | D:6      | Learned a level 3 spell: Lesser Beckoning
  6254 | D:6      | Identified the +6 long sword "Iwnerom" {flame, rF++ Str-3}
  6286 | D:6      | Reached XP level 9. HP: 73/73 MP: 14/14
  6542 | D:7      | Noticed Borgoz's ghost (novice DsGl)
  6543 | D:7      | Found a large runed translucent door.
  6543 | D:7      | Found a large runed translucent door.
  6634 | D:7      | Found a staircase to the Ecumenical Temple.
  7596 | D:8      | Reached **** piety under Cheibriados
  7904 | D:8      | Reached skill level 5 in Invocations
  8157 | D:9      | Noticed a gargoyle
  8161 | D:9      | Killed a gargoyle
  8162 | D:9      | Reached XP level 10. HP: 51/80 MP: 15/17
  8307 | D:9      | Found Igeafuf's General Store.
  8316 | D:9      | Bought a scroll of teleportation for 51 gold pieces
  8316 | D:9      | Bought a scroll of identify for 34 gold pieces
  8316 | D:9      | Bought a scroll of identify for 34 gold pieces
  8364 | D:9      | Noticed Joseph
  8377 | D:9      | Killed Joseph
  8378 | D:9      | Reached skill level 5 in Long Blades
  8378 | D:9      | Reached skill level 5 in Axes
  8378 | D:9      | Reached skill level 5 in Maces & Flails
  8378 | D:9      | Reached skill level 5 in Polearms
  8378 | D:9      | Reached skill level 5 in Staves
  8378 | D:9      | Reached skill level 5 in Slings
  8378 | D:9      | Reached skill level 5 in Bows
  8378 | D:9      | Reached skill level 5 in Crossbows
  8378 | D:9      | Reached skill level 5 in Throwing
  8378 | D:9      | Reached skill level 5 in Dodging
  8378 | D:9      | Reached skill level 5 in Stealth
  8378 | D:9      | Reached skill level 5 in Unarmed Combat
  8378 | D:9      | Reached skill level 5 in Spellcasting
  8378 | D:9      | Reached skill level 5 in Evocations
  8481 | D:9      | Noticed a kobold demonologist
  8488 | D:9      | Killed a kobold demonologist
  8645 | D:10     | Entered Level 10 of the Dungeon
  8645 | D:10     | Noticed a two-headed ogre
  8653 | D:10     | Killed a two-headed ogre
  8767 | D:10     | Reached ***** piety under Cheibriados
  9088 | D:10     | Noticed a centaur warrior
  9091 | D:10     | Noticed a five-headed hydra
  9097 | D:10     | Killed a centaur warrior
  9098 | D:10     | Reached XP level 11. HP: 27/87 MP: 19/19
  9098 | D:10     | Killed a five-headed hydra
  9372 | D:10     | Found a glowing golden altar of the Shining One.
  9460 | D:10     | Noticed a boulder beetle
  9460 | D:10     | Noticed a centaur warrior
  9460 | D:10     | Noticed a boulder beetle
  9462 | D:10     | Noticed a tengu warrior
  9462 | D:10     | Noticed a cyan ugly thing
  9463 | D:10     | Identified the +7 mace of Chagrin {freeze, Int+3}
  9463 | D:10     | Noticed a skeletal warrior
  9465 | D:10     | Killed a centaur warrior
  9466 | D:10     | Reached skill level 5 in Conjurations
  9466 | D:10     | Reached skill level 5 in Hexes
  9466 | D:10     | Reached skill level 5 in Summonings
  9466 | D:10     | Reached skill level 5 in Necromancy
  9466 | D:10     | Reached skill level 5 in Translocations
  9466 | D:10     | Reached skill level 5 in Transmutations
  9466 | D:10     | Reached skill level 5 in Fire Magic
  9466 | D:10     | Reached skill level 5 in Ice Magic
  9466 | D:10     | Reached skill level 5 in Air Magic
  9466 | D:10     | Reached skill level 5 in Earth Magic
  9466 | D:10     | Reached skill level 5 in Poison Magic
  9466 | D:10     | Killed a cyan ugly thing
  9466 | D:10     | Killed a tengu warrior
  9470 | D:10     | HP: 3/89 [boulder beetle (23)]
  9472 | D:10     | Identified the ring "Ehiraes" {rElec rN++ Will+ rCorr
                  | Int-2}
  9475 | D:10     | HP: 2/89 [skeletal warrior (2)]
  9476 | D:10     | Killed a skeletal warrior
  9583 | D:10     | Killed a boulder beetle
  9887 | D:10     | Identified the ring of the Robin {Will+ MP+9 Int-5 Dex+6
                  | Stlth+}
  9889 | D:10     | Identified the ring of Xom's Amusement {Ice rN+ Dex+4}
  9891 | D:10     | Identified the +1 robe of Bepon {+Blink +Inv rN+ Regen+}
 10222 | D:10     | Noticed a cyclops
 10233 | D:10     | Killed a cyclops
 10561 | D:11     | Found a staircase to the Lair.
 10571 | D:11     | Noticed a two-headed ogre
 10581 | D:11     | Killed a two-headed ogre
 10693 | D:10     | Killed a boulder beetle
 10694 | D:10     | Reached XP level 12. HP: 36/96 MP: 22/22
 11509 | D:11     | Found a staircase to the Orcish Mines.
 11559 | D:11     | Noticed a six-headed hydra
 11569 | D:11     | Killed a one-headed hydra
 11805 | D:11     | You fall into a shaft and drop 3 floors!
 12356 | D:12     | Found a runed translucent gate.
 12357 | D:12     | Found a runed translucent gate.
 12571 | D:12     | Noticed a two-headed ogre
 12571 | D:12     | Noticed a boulder beetle
 12584 | D:12     | Killed a boulder beetle
 12586 | D:12     | Killed a two-headed ogre
 12638 | D:12     | Reached skill level 10 in Fighting
 12638 | D:12     | Reached skill level 10 in Armour
 12638 | D:12     | Reached skill level 10 in Shields
 12828 | Lair:1   | Entered Level 1 of the Lair of Beasts
 13007 | Lair:1   | Identified the +1 pair of gloves of the Great Game {rN+
                  | Str+3 Int-3 SInv}
 13653 | Lair:1   | Reached XP level 13. HP: 103/103 MP: 24/24
 14867 | Lair:2   | Found a staircase to the Snake Pit.
 15492 | Lair:3   | Noticed Gastronok
 15513 | Lair:3   | Killed Gastronok
 15704 | Lair:3   | Found a staircase to the Shoals.
 16065 | Lair:3   | Found a transporter.
 16079 | Lair:3   | Noticed Agaobuna's ghost (journeyman TrBe)
 16095 | Lair:3   | Found a transporter.
 16966 | Lair:4   | Reached XP level 14. HP: 90/111 MP: 26/26
 17481 | Lair:4   | Reached skill level 10 in Short Blades
 18819 | Lair:5   | Found a runed translucent gate.
 18820 | Lair:5   | Found a runed translucent gate.
 18821 | Lair:5   | Found a runed translucent gate.
 18822 | Lair:5   | Noticed Jeban's ghost (journeyman OpFi)
 18823 | Lair:5   | Noticed a quicksilver ooze
 18824 | Lair:5   | Noticed a quicksilver ooze
 18897 | Lair:5   | Reached ****** piety under Cheibriados
 18987 | Lair:5   | Reached skill level 10 in Invocations
 20385 | Lair:5   | Found a viscous altar of Jiyva.
 20449 | Lair:6   | Entered Level 6 of the Lair of Beasts
 20459 | Lair:6   | Found a staircase to the Slime Pits.
 20459 | Lair:6   | Found a viscous altar of Jiyva.
 20623 | Lair:6   | Noticed Urug
 20640 | Lair:6   | Killed Urug
 21549 | Lair:6   | Paralysed by a hornet for 2 turns
 21683 | Lair:6   | Reached XP level 15. HP: 43/119 MP: 28/28
 22576 | D:12     | Noticed Fannar
 22586 | D:12     | Killed Fannar
 22768 | D:12     | Noticed Nergalle
 22787 | D:12     | Found a runed translucent gate.
 22938 | D:12     | Killed Nergalle
 22939 | D:12     | Noticed Borgoz's ghost (journeyman GrBe)
 23131 | D:12     | Noticed Maurice
 23146 | D:12     | Killed Maurice
 23307 | D:12     | Identified a scroll of acquirement
 23308 | D:12     | Acquired a +2 kite shield of protection
 23703 | D:13     | Reached skill level 10 in Long Blades
 23703 | D:13     | Reached skill level 10 in Axes
 23703 | D:13     | Reached skill level 10 in Maces & Flails
 23703 | D:13     | Reached skill level 10 in Polearms
 23703 | D:13     | Reached skill level 10 in Staves
 23703 | D:13     | Reached skill level 10 in Slings
 23703 | D:13     | Reached skill level 10 in Bows
 23703 | D:13     | Reached skill level 10 in Crossbows
 23703 | D:13     | Reached skill level 10 in Throwing
 23703 | D:13     | Reached skill level 10 in Dodging
 23703 | D:13     | Reached skill level 10 in Stealth
 23703 | D:13     | Reached skill level 10 in Unarmed Combat
 23703 | D:13     | Reached skill level 10 in Spellcasting
 23703 | D:13     | Reached skill level 10 in Evocations
 24053 | D:13     | Found Lusioman's Overcharged Wands.
 24629 | D:14     | Found a gate to the Vaults.
 25385 | D:15     | Entered Level 15 of the Dungeon
 25392 | D:15     | Found a portal to a secret trove of treasure.
 25694 | D:15     | Noticed a fire giant
 25708 | D:15     | Killed a fire giant
 25709 | D:15     | Found a staircase to the Depths.
 26089 | D:15     | Reached XP level 16. HP: 33/127 MP: 26/30
 27060 | Orc:1    | Entered Level 1 of the Orcish Mines
 27208 | Lair:3   | Slain by Agaobuna's ghost

Illustrated notes

Levels and vault maps discovered:
D:1:      dpeg_arrival_rhombi, layout_rooms
D:2:      layout_rooms, serial_shops, shop_statue
D:3:      layout_basic, shapermc_ecumenical_altar_mp_urbaneastern, uniq_robin
D:4:      layout_cave_pools, grunt_decor_arrowhead, uniq_grinder, uniq_edmund
D:5:      layout_rooms, kennysheep_pointless_box
D:6:      layout_loops_ring
D:7:      layout_basic, lemuel_temple_firewalk_b, ebering_ghost_disaster_area
D:8:      layout_gridville, hangedman_abyss_or_decor_stagger
D:9:      layout_rooms, serial_shops, shop, uniq_joseph
D:10:     minmay_the_grid_triangle_9x9_recursive_2
          [minmay_the_grid_triangle_9x9_prize_schism,
          minmay_the_grid_triangle_9x9_shrine,
          minmay_the_grid_triangle_9x9_odd_lines,
          minmay_the_grid_triangle_9x9_warning], layout_cave_pools,
          amcnicky_altar_gilded, special_room [special_room_orc],
          chequers_serial_rivers_room_b
D:11:     layout_gridville, erik_lair_island, orc_0_dummy, special_room
          [special_room_orc]
D:12:     layout_gridville, maelrawn_ghost_gauntlet_escape, serial_bayou_ford_a,
          david_defended_altar_orc, uniq_maurice, uniq_fannar, uniq_nergalle
D:13:     layout_basic, nicolae_shop_overcharged_wands
D:14:     layout_stronghold, lightli_vaults_fourway_checkpoint,
          hangedman_abyss_or_decor_passed
D:15:     grunt_enter_depths_giant_problem, layout_cave_pods,
          nicolae_trove_entry_isolated, minmay_misc_feat_columns,
          minmay_liquid_box, kb_rosetta
Lair:1:   layout_roguey, nicolae_volcano_entry_batcave,
          chequers_serial_rivers_micro_a, grunt_megastairs_3
Lair:2:   dpeg_oklob_gauntlet, layout_regular_city, guppyfry_snake_entry_garden,
          grunt_megastairs_1, lemuel_fruit_tree
Lair:3:   layout_roguey, minmay_shoals_entry_lonely_mermaid,
          gammafunk_ghost_berserking_beasts, uniq_gastronok
Lair:4:   layout_loops_ring
Lair:5:   nzn_winding_woodlands_cross [nzn_winding_woodlands_5x15_cabin,
          nzn_winding_woodlands_5x15_parted,
          nzn_winding_woodlands_5x15_split_checker,
          nzn_winding_woodlands_5x15_sawtooth,
          nzn_winding_woodlands_15x15_thick_spiral], layout_gridlike,
          gammafunk_ghost_ooze
Lair:6:   minmay_lair_end_enchanted_forest, layout_cave_pods, slime_altar_1,
          fungi_pond_lemuel, chequers_serial_rivers_small_3, uniq_urug
Orc:1:    layout_caves, led_sif_book, uniq_erolcha

Skill      XL: |  1  2  3  4  5  6  7  8  9 10 11 12 13 14 15 |
---------------+----------------------------------------------+-----
Invocations    | 1 2 3 4 5 6 7 8 9 10 11 | 11.4
Long Blades    | 1 2 3 4 5 6 7 8 9 10 | 10.5
Axes           | 1 2 3 4 5 6 7 8 9 10 | 10.5
Maces & Flails | 1 2 3 4 5 6 7 8 9 10 | 10.5
Polearms       | 1 2 3 4 5 6 7 8 9 10 | 10.5
Staves         | 1 2 3 4 5 6 7 8 9 10 | 10.5
Slings         | 1 2 3 4 5 6 7 8 9 10 | 10.5
Bows           | 1 2 3 4 5 6 7 8 9 10 | 10.5
Crossbows      | 1 2 3 4 5 6 7 8 9 10 | 10.5
Throwing       | 1 2 3 4 5 6 7 8 9 10 | 10.5
Dodging        | 1 2 3 4 5 6 7 8 9 10 | 10.5
Stealth        | 1 2 3 4 5 6 7 8 9 10 | 10.5
Unarmed Combat | 1 2 3 4 5 6 7 8 9 10 | 10.5
Spellcasting   | 1 2 3 4 5 6 7 8 9 10 | 10.5
Evocations     | 1 2 3 4 5 6 7 8 9 10 | 10.5
Conjurations   | 1 2 3 4 5 6 7 8 |  8.9
Hexes          | 1 2 3 4 5 6 7 8 |  8.9
Summonings     | 1 2 3 4 5 6 7 8 |  8.9
Necromancy     | 1 2 3 4 5 6 7 8 |  8.9
Translocations | 1 2 3 4 5 6 7 8 |  8.9
Transmutations | 1 2 3 4 5 6 7 8 |  8.9
Fire Magic     | 1 2 3 4 5 6 7 8 |  8.9
Ice Magic      | 1 2 3 4 5 6 7 8 |  8.9
Air Magic      | 1 2 3 4 5 6 7 8 |  8.9
Earth Magic    | 1 2 3 4 5 6 7 8 |  8.9
Poison Magic   | 1 2 3 4 5 6 7 8 |  8.9
Short Blades   | 5 6 7 8 9 10 11 | 11.4
Fighting       | 7 8 9 10 11 12 | 12.2
Armour         | 7 8 9 10 11 12 | 12.2
Shields        | 7 8 9 10 11 12 | 12.2

Action                   |  1- 3 |  4- 6 |  7- 9 | 10-12 | 13-15 | 16-18 || total
-------------------------+-------+-------+-------+-------+-------+-------++-------
Melee: Rapier            |   112 |   142 |   151 |       |       |       ||   405
       Bite              |     8 |    18 |    77 |    79 |   301 |    12 ||   495
       Dagger            |       |       |   329 |       |       |       ||   329
       Long sword        |       |       |    13 |   321 |  1079 |    62 ||  1475
Throw: Dart              |       |     4 |    17 |    39 |    17 |       ||    77
 Cast: Lesser Beckoning  |       |       |     1 |     3 |    10 |       ||    14
       Blink             |       |       |       |     2 |       |       ||     2
Invok: Slouch            |       |       |     1 |     9 |    11 |     2 ||    23
Evoke: Wand              |       |     2 |     2 |    13 |    12 |     3 ||    32
  Use: Scroll            |       |     5 |     8 |    10 |     8 |     1 ||    32
       Potion            |       |     2 |     5 |     1 |     1 |       ||     9
 Stab: Paralysed         |       |     3 |     1 |       |       |       ||     4
       Sleeping          |       |       |     3 |     4 |    27 |     3 ||    37
       Distracted        |       |       |     1 |       |     5 |       ||     6
Armor: Scale mail        |    58 |    41 |       |       |       |       ||    99
       Ring mail         |       |       |   110 |    56 |   146 |    12 ||   324
       Skin              |       |       |    10 |       |       |       ||    10
Dodge: Dodged            |    31 |    33 |   120 |   184 |   482 |    68 ||   918
Block: Kite shield       |    58 |    74 |   432 |   417 |  1126 |   114 ||  2221
       Reflection        |       |       |     9 |    12 |    11 |     1 ||    33
       Rpst.: Long sword |       |       |     5 |    48 |   107 |    11 ||   171
